AoeStats
← carbondioxide

Golden Pit

503185653Analyzed
1v1 RM · 10d ago on Aug 30, 2026· 57m 27s· 2 players
Game mode
Random Map
Map size
Tiny (2 player)
Population
200
Speed
Normal
Resources
Standard
Victory
Conquest
Starting age
Dark Age
Ending age
Imperial Age
RankedLock teamsTeams togetherTeam positionsShared explorationLock speedFull tech treeHidden civsTurbo modeCheats
Victory
Defeat
🇺🇸 Romans · United States
587
+14
🇺🇦 Slavs · Ukraine
545
-14
carbondioxide
9:41 Loom
12:25 Feudal Age
17:37 Castle Age
15:34 Double-Bit Axe
16:38 Forging
16:36 Scale Barding Armor
16:35 Fletching
17:53 Gold Mining
18:42 Scale Barding Armor
19:35 Stone Mining
20:11 Murder Holes
21:53 Bloodlines
21:53 Bodkin Arrow
23:08 Gold Shaft Mining
25:48 Horse Collar
26:34 Fortified Wall
27:03 Town Watch
30:45 Iron Casting
30:31 Chain Barding Armor
33:54 Imperial Age
33:48 Detinets
34:06 Masonry
34:18 Ballistics
35:26 Heavy Plow
35:53 Conscription
36:44 Blast Furnace
36:29 Plate Barding Armor
40:12 Wheelbarrow
45:00 Heavy Cavalry Archer
46:08 Bow Saw
47:09 Husbandry
48:00 Elite Boyar
49:25 Padded Archer Armor
50:34 Leather Archer Armor
52:44 Onager
c16levi.braley
10:43 Feudal Age
11:15 Double-Bit Axe
11:12 Horse Collar
12:11 Wheelbarrow
14:04 Gold Mining
14:04 Stone Mining
22:48 Castle Age
21:22 Man-at-Arms
22:22 Forging
22:12 Scale Mail Armor
23:14 Fletching
23:26 Padded Archer Armor
23:37 Elite Skirmisher
23:37 Crossbowman
27:14 Heavy Plow
27:42 Pikeman
27:43 Long Swordsman
28:27 Squires
31:41 Hand Cart
31:13 Loom
31:18 Town Watch
38:04 Imperial Age
37:20 Bodkin Arrow
38:01 Iron Casting
37:26 Scale Mail Armor
37:44 Leather Archer Armor
38:36 Ballistics
38:12 Murder Holes
40:31 Conscription
39:45 Halberdier
45:54 Comitatenses
45:40 Ballistas
44:57 Elite Centurion
48:09 Heavy Scorpion
48:12 Legionary
49:57 Blast Furnace
49:05 Scale Barding Armor
49:16 Chain Mail Armor
50:04 Chemistry
49:11 Siege Engineers
49:25 Fortified Wall
52:31 Ring Archer Armor
52:21 Chain Barding Armor
52:18 Masonry
Connection lost

Rejoining the realm…

Still unreachable

The connection could not be restored.

Session expired

The server has moved on; the page needs a fresh start.